 Dungeon Sprint DCSS version 0.31-a0-700-gf13585253f (webtiles) character file.

Game seed: 457936453180472812

308 sircluck the Grappler (level 6, -12/68 HPs)
             Began as a Troll Berserker on Sept 7, 2023.
             Was a Believer of Trog.
             Mangled by a centaur warrior (14 damage)
             ... in the Dungeon (Sprint I: "Red Sonja").
             The game lasted 00:00:14 (141 turns).

sircluck the Grappler (Troll Berserker)              Turns: 141, Time: 00:00:15

Health: -12/68     AC:  4    Str: 28    XL:     6   Next: 16%
Magic:  5/5        EV: 11    Int:  3    God:    Trog [**....]
Gold:   180        SH:  0    Dex:  9    Spells: 5/5 levels left

rFire   . .          .
                       - Unarmed
rCold   . . .        (no shield)
rNeg    . . .        a - +0 animal skin
rPois   .            (helmet restricted)
rElec   .            (no cloak)
rCorr   .            (gloves unavailable)
SInv    .            (boots unavailable)
Will    .....        (no amulet)
Stlth   +            (no ring)
HPRegen 1.11/turn    (no ring)
MPRegen 0.09/turn

%: no teleportation
@: no status effects
A: large, unfitting armour, claws 3, regeneration 1, shaggy fur 1, tough skin 1
a: Renounce Religion, Berserk, Trog's Hand


You were in the Dungeon.
You worshipped Trog.
Trog was pleased with you.
You visited 1 branch You collected 180 gold pieces.

Inventory:

Armour
 a - a +0 animal skin (worn)
Wands
 h - a wand of mindburst (5)
Scrolls
 g - a scroll of blinking
Potions
 b - a potion of curing
 c - a potion of heal wounds
 d - a potion of haste
 e - 2 potions of magic
 f - a potion of berserk rage


   Skills:
 + Level 6.8 Fighting
 + Level 6.7 Dodging
 + Level 8.1 Unarmed Combat


You had 5 spell levels left.
You didn't know any spells.
Your spell library was empty.

Dungeon Overview and Level Annotations

Branches:
Dungeon (1/1)

Altars:
Sif Muna
Vehumet
Wu Jian


Innate Abilities, Weirdness & Mutations

You are too large for most types of armour.
You have claws for hands.
Your natural rate of healing is unusually fast.
You are covered in fur. (AC +1)
You have tough skin. (AC +1)


Message History

The centaur warrior kicks you but does no damage.
Unknown command.
You closely miss the centaur warrior.
The centaur warrior is heavily wounded.
The centaur warrior hits you. The centaur warrior closely misses you.
The centaur warrior hits you. The centaur warrior misses you.
The centaur warrior closely misses you.
The centaur warrior kicks you but does no damage.
There are monsters nearby!
You closely miss the centaur warrior.
The centaur warrior is heavily wounded.
The centaur warrior hits you! The centaur warrior kicks you.
The centaur warrior hits you!
The centaur warrior kicks you but does no damage.
The centaur warrior closely misses you. The centaur warrior kicks you.
* * * LOW HITPOINT WARNING * * *
Unknown command.
There are monsters nearby!
You are too injured to fight recklessly!
Unknown command.
There are monsters nearby!
You are too injured to fight recklessly!
You are too injured to fight recklessly!
You are too injured to fight recklessly!
You are too injured to fight recklessly!
You are too injured to fight recklessly!
You claw the centaur warrior!
The centaur warrior is lightly wounded.
The centaur warrior barely misses you. The centaur warrior kicks you.
* * * LOW HITPOINT WARNING * * *
The centaur warrior hits you.
* * * LOW HITPOINT WARNING * * *
The centaur warrior kicks you but does no damage.
You claw the centaur warrior!
The centaur warrior is severely wounded.
The centaur warrior hits you!
* * * LOW HITPOINT WARNING * * *
The centaur warrior kicks you but does no damage.
The centaur warrior hits you!
You die...

##############
.#..').#..'..#
.').#..').#..+
.#####'#####'#
### .# #..#
#[####§$# .#
####
##.#§§§§§# .#
#_§§§§@c§+ ⌠#
+..._#§~§c§#
##
#_.#+##+####
##+


You could see 2 centaur warriors.

Vanquished Creatures
  Sigmund (D)
  An ogre (D)
  A jelly (D)
  Ijyb (D)
4 creatures vanquished.

Notes
Turn   | Place    | Note
-------+----------+-------------------------------------------
     0 | D        | sircluck the Troll Berserker began the quest for the Orb.
     0 | D        | Reached XP level 1. HP: 22/22 MP: 0/0
     1 | D        | Noticed Ijyb
    12 | D        | Killed Ijyb
    13 | D        | Reached skill level 4 in Unarmed Combat
    13 | D        | Reached XP level 2. HP: 21/32 MP: 1/1
    27 | D        | Noticed an ogre
    31 | D        | Killed an ogre
    32 | D        | Reached skill level 5 in Fighting
    32 | D        | Reached skill level 5 in Dodging
    32 | D        | Reached skill level 6 in Unarmed Combat
    32 | D        | Reached XP level 3. HP: 6/42 MP: 2/2
    32 | D        | Reached XP level 4. HP: 7/50 MP: 3/3
    82 | D        | Noticed Sigmund
    93 | D        | Killed Sigmund
    93 | D        | Reached ** piety under Trog
    94 | D        | Reached skill level 7 in Unarmed Combat
    94 | D        | Reached XP level 5. HP: 45/61 MP: 4/4
    94 | D        | Reached XP level 6. HP: 50/68 MP: 5/5
   123 | D        | Found an ornate altar of the Wu Jian Council.
   123 | D        | Found a shimmering blue altar of Sif Muna.
   125 | D        | Found a radiant altar of Vehumet.
   129 | D        | Reached skill level 8 in Unarmed Combat
   132 | D        | Noticed a centaur warrior
   132 | D        | Noticed a centaur warrior
   141 | D        | HP: 2/68 [centaur warrior (14)]
   141 | D        | Mangled by a centaur warrior

Illustrated notes

Levels and vault maps discovered:
D:        dungeon_sprint_1 [red_sonja_temple_1, red_sonja_temple_small_1]

Skill      XL: |  1  2  3  4  5  6 |
---------------+-------------------+-----
Fighting       | 3 5 6 |  6.8
Dodging        | 3 5 6 |  6.7
Unarmed Combat | 4 6 7 8 |  8.1

Action                     |  1- 3 |  4- 6 || total
---------------------------+-------+-------++-------
  Melee: Unarmed           |    13 |    17 ||    30
         Punch             |       |     2 ||     2
 Armour: Animal skin       |     7 |    22 ||    29
  Dodge: Dodged            |     4 |    11 ||    15

Table legend: (Time is in decaauts)
 A = Elapsed time spent in this place.
 B = Non-inter-level travel time spent in this place.
 C = Inter-level travel time spent in this place.
 D = Time resting spent in this place.
 E = Time spent auto-exploring this place.
 F = Levels seen in this place.
 G = Mean time per level.
                   A        B        C        D        E       F      G
               +--------+--------+--------+--------+--------+-----+--------+
         Total |    137 |    137 |      0 |      0 |     98 |   1 |  137.0 |
       Dungeon |    137 |    137 |      0 |      0 |     98 |   1 |  137.0 |
               +--------+--------+--------+--------+--------+-----+--------+

Top non-repeatable levels by time:
       D: 137 daAuts
